Dallas Stars vs San Jose Sharks

Created - Friday, January 23, 2026 at 08:07

Goals
1 2 3 OT1 SO T
Dallas Stars 0 1 0 0 0 1
San Jose Sharks 0 1 0 0 1 2
Shots
1 2 3 OT1 SO T
Dallas Stars 10 18 9 1 3 38
San Jose Sharks 4 18 6 2 2 30

1st period

No Goal

Penalties :
Mattias Samuelsson (SJS) for Interference (Minor) at 14:48

2nd period

1. Dallas Stars , Brendan Gallagher 2 (Elias Lindholm 6, Jonas Siegenthaler 2) at 11:26
2. San Jose Sharks , Max Domi 4 (Mattias Samuelsson 5, Ilya Mikheyev 4) at 11:38

Penalties :
Connor Murphy (SJS) for Tripping (Minor) at 0:16

3rd period

No Goal

Penalties :
Arber Xhekaj (DAL) for Holding (Minor) at 4:55, Marcus Pettersson (SJS) for High sticking (Minor) at 9:33

Overtime #1

No Goal

Penalties :
No Penalty

Shootout

Dallas Stars, Elias Lindholm - Stopped by Jakub Dobes
San Jose Sharks, Morgan Geekie - Shot Misses the Net
Dallas Stars, Josh Anderson - Stopped by Jakub Dobes
San Jose Sharks, Morgan Frost - Goal!
Dallas Stars, Brendan Gallagher - Shot Misses the Net

Penalties :
No Penalty

Goalie Stats

Alex Lyon (DAL), 29 saves from 30 shots - (0.967), OTL, 2-0-1, 65:00 minutes
Jakub Dobes (SJS), 37 saves from 38 shots - (0.974), W, 1-1-0, 65:00 minutes

Players Stats for Dallas Stars

Player Name              G  A  P  +/- PIM S  H  SB GA TA FO     MP     PP MP  PK MP  
------------------------------------------------------------------------------------
Alex Iafallo             0  0  0   0  0   6  0  0  0  1  0/1    14:48   0:00   0:00 
Arber Xhekaj             0  0  0   0  2   0  1  0  0  0  0/0    16:34   0:00   0:00 
Brendan Gallagher        1  0  1   1  0   4  1  1  0  0  2/3    19:22   3:01   0:59 
Cam York                 0  0  0   0  0   2  0  0  1  0  0/0    16:30   0:00   0:00 
Dougie Hamilton          0  0  0  -1  0   2  1  2  0  0  0/0    26:55   2:48   0:58 
Elias Lindholm           0  1  1   1  0   3  0  1  0  0  7/17   19:29   3:01   0:56 
Filip Chytil             0  0  0  -1  0   1  1  0  0  0  6/17   16:36   2:56   0:00 
Jack Drury               0  0  0   0  0   3  2  0  1  0  1/4    10:48   0:00   0:00 
Jakob Chychrun           0  0  0   1  0   1  5  0  0  1  0/0    21:35   3:09   1:01 
Joel Kiviranta           0  0  0   0  0   4  3  0  0  0  0/0    11:58   0:00   0:00 
Jonas Siegenthaler       0  1  1   1  0   1  0  0  1  0  0/0    21:35   3:09   1:01 
Jordan Greenway          0  0  0   0  0   1  5  0  0  1  0/0    14:18   0:00   0:04 
Jordan Martinook         0  0  0  -1  0   2  4  0  2  0  0/1    19:19   2:56   0:59 
Josh Anderson            0  0  0   1  0   1  5  1  0  0  1/2    19:28   3:01   0:56 
Luke Kunin               0  0  0  -1  0   1  3  1  0  0  0/0    16:36   2:56   0:00 
Philip Tomasino          0  0  0   0  0   2  1  0  0  1  0/0    10:44   0:00   0:00 
Trent Frederic           0  0  0   0  0   3  3  0  0  0  1/6    14:34   0:00   0:04 
Trevor van Riemsdyk      0  0  0  -1  0   1  1  2  0  1  0/0    26:51   2:48   0:58 

Players Stats for San Jose Sharks

Player Name              G  A  P  +/- PIM S  H  SB GA TA FO     MP     PP MP  PK MP  
------------------------------------------------------------------------------------
Adam Henrique            0  0  0  -1  0   2  1  1  0  0  6/13   19:31   0:54   2:57 
Alexander Wennberg       0  0  0   0  0   3  0  0  0  0  3/5    19:20   1:05   2:54 
Andre Burakovsky         0  0  0   0  0   2  0  0  0  0  0/0    11:30   0:00   0:00 
Andrew Copp              0  0  0   1  0   2  0  1  0  0  5/7    11:55   0:00   0:00 
Anthony Beauvillier      0  0  0   0  0   2  0  0  1  1  0/0    12:00   0:00   0:00 
Connor Murphy            0  0  0   1  2   0  6  1  1  1  0/0    26:15   0:16   2:03 
Ilya Mikheyev            0  1  1   1  0   0  1  0  2  1  0/0    14:04   0:00   0:06 
Jake Middleton           0  0  0   0  0   2  0  1  0  1  0/0    16:25   0:48   0:00 
Luke Glendening          0  0  0   0  0   2  3  1  0  0  3/5    11:55   0:00   0:00 
Marcus Pettersson        0  0  0  -1  2   0  2  2  0  1  0/0    19:50   0:55   1:45 
Mattias Samuelsson       0  1  1   1  2   1  2  0  0  0  0/0    27:12   0:16   2:04 
Max Domi                 1  0  1   0  0   6  2  1  0  0  1/1    18:49   0:54   0:00 
Morgan Frost             0  0  0   0  0   2  0  1  0  0  11/14  18:54   1:05   0:00 
Morgan Geekie            0  0  0  -1  0   4  2  0  0  0  1/2    20:45   1:05   3:03 
Oliver Ekman-Larsson     0  0  0  -1  0   0  1  1  0  0  0/0    21:25   0:55   3:19 
Owen Tippett             0  0  0   0  0   1  2  0  1  0  1/2    19:16   0:54   2:54 
Travis Boyd              0  0  0   0  0   1  0  0  0  0  2/2     5:36   0:00   0:00 
Zach Whitecloud          0  0  0   0  0   0  1  1  0  0  0/0    19:18   0:48   2:43 

3 Stars

1 - Jakub Dobes (SJS)
2 - Alex Lyon (DAL)
3 - Max Domi (SJS)

Power Play

Dallas Stars - 0 on 3 Attempt(s) - 0.00%
San Jose Sharks - 0 on 1 Attempt(s) - 0.00%

Penalty Kill

Dallas Stars - 1 on 1 Attempt(s) - 100.00% - Score 0 goal in Penalty Kill
San Jose Sharks - 3 on 3 Attempt(s) - 100.00% - Score 0 goal in Penalty Kill

Team Stat

Dallas Stars - Hits : 36 - Faceoff Wins : 18 - Blocked Shots : 8 - Penalty Minutes : 2
San Jose Sharks - Hits : 23 - Faceoff Wins : 33 - Blocked Shots : 11 - Penalty Minutes : 6

Official

Referees : Brandon Schrader and Eric Furlatt
Linesman : Tommy Hughes and Ryan Daisy

Game Notes

Travis Boyd is injured at 3:43 of 2nd period (Upper Body)

Finance

Level 1 -- Attendance: 3960 (66.00%) -- Ticket Income $495,000
Level 2 -- Attendance: 3300 (66.00%) -- Ticket Income $247,500
Level 3 -- Attendance: 1980 (66.00%) -- Ticket Income $99,000
Level 4 -- Attendance: 3300 (66.00%) -- Ticket Income $99,000
Luxury Box -- Attendance: 728 (72.80%) -- Ticket Income $145,600
Game was played at the SAP Center at San Jose.
Total Attendance: 13268 (66.34%)
Total Ticket Income: $1,086,100
Other Income: $380,135
Total Income: $1,466,235

Dallas Stars

5 vs 5 Forward 
   Center                   Left Wing                Right Wing               Time % Phy DF OF 
 1 Elias Lindholm           Josh Anderson            Brendan Gallagher        30     1   2  2  
 2 Filip Chytil             Jordan Martinook         Luke Kunin               30     1   2  2  
 3 Trent Frederic           Alex Iafallo             Jordan Greenway          25     1   2  2  
 4 Jack Drury               Joel Kiviranta           Philip Tomasino          15     1   2  2  

5 vs 5 Defense 
   Defense                  Defense                                           Time % Phy DF OF 
 1 Dougie Hamilton          Trevor van Riemsdyk                               30     1   2  2  
 2 Jakob Chychrun           Jonas Siegenthaler                                30     1   2  2  
 3 Cam York                 Arber Xhekaj                                      25     1   2  2  
 4 Dougie Hamilton          Trevor van Riemsdyk                               15     1   2  2  

PowerPlay Forward 
   Center                   Left Wing                Right Wing               Time % Phy DF OF 
 1 Elias Lindholm           Josh Anderson            Brendan Gallagher        50     1   2  2  
 2 Filip Chytil             Jordan Martinook         Luke Kunin               50     1   2  2  

PowerPlay Defense
   Defense                  Defense                                           Time % Phy DF OF 
 1 Dougie Hamilton          Trevor van Riemsdyk                               50     1   2  2  
 2 Jakob Chychrun           Jonas Siegenthaler                                50     1   2  2  

Penalty Kill 4 Players Forward 
   Center                   Wing                     Time % Phy DF OF 
 1 Elias Lindholm           Josh Anderson            50     1   2  2  
 2 Brendan Gallagher        Jordan Martinook         50     1   2  2  

Penalty Kill 4 Players Defense
   Defense                  Defense                  Time % Phy DF OF 
 1 Dougie Hamilton          Trevor van Riemsdyk      50     1   2  2  
 2 Jakob Chychrun           Jonas Siegenthaler       50     1   2  2  

Penalty Kill - 3 Players Forward 
   Forward                                           Time % Phy DF OF 
 1 Elias Lindholm                                    50     1   2  2  
 2 Josh Anderson                                     50     1   2  2  

Penalty Kill - 3 Players Defense
   Defense                  Defense                  Time % Phy DF OF 
 1 Dougie Hamilton          Trevor van Riemsdyk      50     1   2  2  
 2 Jakob Chychrun           Jonas Siegenthaler       50     1   2  2  

4 vs 4 Forward 
   Center                   Wing                     Time % Phy DF OF 
 1 Elias Lindholm           Josh Anderson            50     1   2  2  
 2 Brendan Gallagher        Jordan Martinook         50     1   2  2  

4 vs 4 Defense
   Defense                  Defense                  Time % Phy DF OF 
 1 Dougie Hamilton          Trevor van Riemsdyk      50     1   2  2  
 2 Jakob Chychrun           Jonas Siegenthaler       50     1   2  2  

Last Minutes Offensive
   Center                   Left Wing                Right Wing               Defense                  Defense                  
   Elias Lindholm           Josh Anderson            Brendan Gallagher        Dougie Hamilton          Trevor van Riemsdyk      

Last Minutes Defensive
   Center                   Left Wing                Right Wing               Defense                  Defense                  
   Elias Lindholm           Josh Anderson            Brendan Gallagher        Dougie Hamilton          Trevor van Riemsdyk      

Goaltenders
Starting : Alex Lyon                
Backup : Ukko-Pekka Luukkonen     

Extra Forwards
Normal : Alex Iafallo, Joel Kiviranta, Trent Frederic - PP : Alex Iafallo, Joel Kiviranta - PK : Trent Frederic
Extra Defensemen
Normal : Cam York, Arber Xhekaj, Jakob Chychrun - PP : Cam York - PK : Arber Xhekaj, Jakob Chychrun
Penalty Shots
Elias Lindholm, Josh Anderson, Brendan Gallagher, Jordan Martinook, Alex Iafallo

Scratches
Ty Smith (Healthy), Nils Lundkvist (Healthy), Jonatan Berggren (Healthy), Marc-Andre Fleury (Healthy), Semyon Varlamov (Healthy)

San Jose Sharks

5 vs 5 Forward 
   Center                   Left Wing                Right Wing               Time % Phy DF OF 
 1 Adam Henrique            Travis Boyd              Morgan Geekie            30     1   2  2  
 2 Morgan Frost             Alexander Wennberg       Owen Tippett             30     1   2  2  
 3 Andrew Copp              Max Domi                 Ilya Mikheyev            25     1   2  2  
 4 Luke Glendening          Anthony Beauvillier      Andre Burakovsky         15     1   2  2  

5 vs 5 Defense 
   Defense                  Defense                                           Time % Phy DF OF 
 1 Connor Murphy            Mattias Samuelsson                                30     1   2  2  
 2 Oliver Ekman-Larsson     Marcus Pettersson                                 30     1   2  2  
 3 Jake Middleton           Zach Whitecloud                                   25     1   2  2  
 4 Connor Murphy            Mattias Samuelsson                                15     1   2  2  

PowerPlay Forward 
   Center                   Left Wing                Right Wing               Time % Phy DF OF 
 1 Adam Henrique            Max Domi                 Owen Tippett             50     1   2  2  
 2 Morgan Frost             Alexander Wennberg       Morgan Geekie            50     1   2  2  

PowerPlay Defense
   Defense                  Defense                                           Time % Phy DF OF 
 1 Connor Murphy            Mattias Samuelsson                                50     1   2  2  
 2 Oliver Ekman-Larsson     Marcus Pettersson                                 50     1   2  2  

Penalty Kill 4 Players Forward 
   Center                   Wing                     Time % Phy DF OF 
 1 Morgan Geekie            Adam Henrique            50     1   2  2  
 2 Alexander Wennberg       Owen Tippett             50     1   2  2  

Penalty Kill 4 Players Defense
   Defense                  Defense                  Time % Phy DF OF 
 1 Connor Murphy            Mattias Samuelsson       50     1   2  2  
 2 Oliver Ekman-Larsson     Marcus Pettersson        50     1   2  2  

Penalty Kill - 3 Players Forward 
   Forward                                           Time % Phy DF OF 
 1 Morgan Geekie                                     50     1   2  2  
 2 Adam Henrique                                     50     1   2  2  

Penalty Kill - 3 Players Defense
   Defense                  Defense                  Time % Phy DF OF 
 1 Connor Murphy            Mattias Samuelsson       50     1   2  2  
 2 Oliver Ekman-Larsson     Marcus Pettersson        50     1   2  2  

4 vs 4 Forward 
   Center                   Wing                     Time % Phy DF OF 
 1 Morgan Geekie            Morgan Frost             50     1   2  2  
 2 Alexander Wennberg       Owen Tippett             50     1   2  2  

4 vs 4 Defense
   Defense                  Defense                  Time % Phy DF OF 
 1 Connor Murphy            Mattias Samuelsson       50     1   2  2  
 2 Oliver Ekman-Larsson     Marcus Pettersson        50     1   2  2  

Last Minutes Offensive
   Center                   Left Wing                Right Wing               Defense                  Defense                  
   Morgan Geekie            Travis Boyd              Owen Tippett             Connor Murphy            Mattias Samuelsson       

Last Minutes Defensive
   Center                   Left Wing                Right Wing               Defense                  Defense                  
   Morgan Geekie            Travis Boyd              Owen Tippett             Connor Murphy            Mattias Samuelsson       

Goaltenders
Starting : Jakub Dobes              
Backup : Adin Hill                

Extra Forwards
Normal : Morgan Frost, Max Domi, Ilya Mikheyev - PP : Morgan Frost, Max Domi - PK : Ilya Mikheyev
Extra Defensemen
Normal : Jake Middleton, Zach Whitecloud, Oliver Ekman-Larsson - PP : Jake Middleton - PK : Zach Whitecloud, Oliver Ekman-Larsson
Penalty Shots
Morgan Geekie, Morgan Frost, Alexander Wennberg, Owen Tippett, Adam Henrique

Scratches
Calle Jarnkrok (Healthy), Carter Verhaeghe (Suspend), Justin Barron (Healthy)

% Time on Ice - Dallas Stars

Lines # - Real PCT - Wanted PCT - Time Play
Normal Forward
1 - 27% - 30% - 14:04
2 - 26% - 30% - 13:40
3 - 26% - 25% - 13:36
4 - 21% - 15% - 10:44
Normal Defense
1 - 28% - 30% - 14:24
2 - 28% - 30% - 14:36
3 - 30% - 25% - 15:51
4 - 14% - 15% - 7:13
PP Forward
1 - 51% - 50% - 3:01
2 - 49% - 50% - 2:56
PP Defense
1 - 47% - 50% - 2:48
2 - 53% - 50% - 3:09
PK Forward
1 - 50% - 50% - 1:00
2 - 50% - 50% - 0:59
PK Defense
1 - 49% - 50% - 0:58
2 - 51% - 50% - 1:01
PK3 Forward
1 - 0% - 50%
2 - 0% - 50%
PK3 Defense
1 - 0% - 50%
2 - 0% - 50%
44 Forward
1 - 49% - 50% - 2:28
2 - 51% - 50% - 2:32
44 Defense
1 - 48% - 50% - 2:25
2 - 52% - 50% - 2:35
Last Minute Offensive  - 0:00
Last Minute Defensive  - 0:00
Total
Forward - 65:00
Defense - 65:00

% Time on Ice - San Jose Sharks

Lines # - Real PCT - Wanted PCT - Time Play
Normal Forward
1 - 30% - 30% - 15:31
2 - 26% - 30% - 13:27
3 - 22% - 25% - 11:36
4 - 22% - 15% - 11:30
Normal Defense
1 - 29% - 30% - 15:07
2 - 29% - 30% - 15:15
3 - 27% - 25% - 14:01
4 - 15% - 15% - 7:41
PP Forward
1 - 45% - 50% - 0:54
2 - 55% - 50% - 1:05
PP Defense
1 - 13% - 50% - 0:16
2 - 87% - 50% - 1:43
PK Forward
1 - 51% - 50% - 3:03
2 - 49% - 50% - 2:54
PK Defense
1 - 50% - 50% - 2:59
2 - 50% - 50% - 2:58
PK3 Forward
1 - 0% - 50%
2 - 0% - 50%
PK3 Defense
1 - 0% - 50%
2 - 0% - 50%
44 Forward
1 - 54% - 50% - 2:41
2 - 46% - 50% - 2:19
44 Defense
1 - 61% - 50% - 3:04
2 - 39% - 50% - 1:56
Last Minute Offensive  - 0:00
Last Minute Defensive  - 0:00
Total
Forward - 65:00
Defense - 65:00

Play-by-Play

1st period


0:01 of 1st period - Brendan Gallagher wins face-off versus Adam Henrique in neutral zone.
0:25 of 1st period - Luke Kunin is hit by Connor Murphy.
1:07 of 1st period - Jake Middleton is hit by Joel Kiviranta and loses puck.
1:12 of 1st period - Slapshot by Philip Tomasino.
1:12 of 1st period - Stopped by Jakub Dobes with a rebound.
2:12 of 1st period - Trevor van Riemsdyk is hit by Connor Murphy.
2:34 of 1st period - Wrist shot by Joel Kiviranta.
2:34 of 1st period - Stopped by Jakub Dobes with a rebound.
2:36 of 1st period - Slapshot by Trevor van Riemsdyk.
2:36 of 1st period - Shot Blocked by Adam Henrique.
2:38 of 1st period - Slapshot by Dougie Hamilton.
2:38 of 1st period - Stopped by Jakub Dobes without a rebound.
2:39 of 1st period - Morgan Frost wins face-off versus Jack Drury in San Jose Sharks zone.
3:04 of 1st period - Ilya Mikheyev is hit by Luke Kunin and loses puck.
3:31 of 1st period - Snap shot by Brendan Gallagher.
3:31 of 1st period - Stopped by Jakub Dobes with a rebound.
3:45 of 1st period - Wrist shot by Anthony Beauvillier.
3:45 of 1st period - Stopped by Alex Lyon with a rebound.
3:51 of 1st period - Marcus Pettersson is hit by Jordan Greenway and loses puck.
4:10 of 1st period - Wrist shot by Filip Chytil.
4:10 of 1st period - Shot Blocked by Oliver Ekman-Larsson.
4:16 of 1st period - Filip Chytil is hit by Owen Tippett and loses puck.
4:54 of 1st period - Max Domi is hit by Josh Anderson and loses puck.
5:15 of 1st period - Snap shot by Trent Frederic.
5:15 of 1st period - Stopped by Jakub Dobes with a rebound.
5:21 of 1st period - Wrist shot by Trent Frederic.
5:21 of 1st period - Shot Blocked by Zach Whitecloud.
5:53 of 1st period - Cam York is hit by Zach Whitecloud and loses puck.
6:12 of 1st period - Mattias Samuelsson is hit by Jordan Greenway and loses puck.
7:33 of 1st period - Trevor van Riemsdyk is hit by Connor Murphy and loses puck.
7:40 of 1st period - Connor Murphy is hit by Josh Anderson and loses puck.
7:55 of 1st period - Snap shot by Morgan Frost.
7:55 of 1st period - Shot Blocked by Luke Kunin.
8:19 of 1st period - Icing by Joel Kiviranta.
8:20 of 1st period - Travis Boyd wins face-off versus Trent Frederic in Dallas Stars zone.
8:23 of 1st period - Snap shot by Morgan Geekie.
8:23 of 1st period - Shot Hit the Post.
8:33 of 1st period - Marcus Pettersson is hit by Trent Frederic.
9:14 of 1st period - Slapshot by Elias Lindholm.
9:14 of 1st period - Stopped by Jakub Dobes without a rebound.
9:15 of 1st period - Andrew Copp wins face-off versus Josh Anderson in San Jose Sharks zone.
9:40 of 1st period - Jake Middleton is hit by Luke Kunin and loses puck.
10:31 of 1st period - Wrist shot by Elias Lindholm.
10:31 of 1st period - Shot Misses the Net.
10:44 of 1st period - Off-side.
10:45 of 1st period - Trent Frederic wins face-off versus Andrew Copp in neutral zone.
10:48 of 1st period - Andrew Copp is hit by Jordan Greenway and loses puck.
11:19 of 1st period - Slapshot by Jordan Greenway.
11:19 of 1st period - Stopped by Jakub Dobes without a rebound.
11:20 of 1st period - Elias Lindholm wins face-off versus Adam Henrique in San Jose Sharks zone.
11:29 of 1st period - Wrist shot by Adam Henrique.
11:29 of 1st period - Shot Blocked by Josh Anderson.
11:31 of 1st period - Slapshot by Travis Boyd.
11:31 of 1st period - Stopped by Alex Lyon without a rebound.
11:32 of 1st period - Travis Boyd wins face-off versus Filip Chytil in Dallas Stars zone.
11:35 of 1st period - Wrist shot by Morgan Geekie.
11:35 of 1st period - Shot Misses the Net.
11:39 of 1st period - Snap shot by Adam Henrique.
11:39 of 1st period - Shot Misses the Net.
11:41 of 1st period - Slapshot by Travis Boyd.
11:41 of 1st period - Shot Misses the Net.
11:43 of 1st period - Snap shot by Morgan Geekie.
11:43 of 1st period - Stopped by Alex Lyon with a rebound.
11:45 of 1st period - Slapshot by Connor Murphy.
11:45 of 1st period - Shot Blocked by Dougie Hamilton.
11:57 of 1st period - Josh Anderson is hit by Mattias Samuelsson and loses puck.
12:58 of 1st period - Slapshot by Jakob Chychrun.
12:58 of 1st period - Deflect By Jordan Martinook.
12:58 of 1st period - Stopped by Jakub Dobes without a rebound.
12:59 of 1st period - Filip Chytil wins face-off versus Adam Henrique in San Jose Sharks zone.
13:36 of 1st period - Zach Whitecloud is hit by Josh Anderson and loses puck.
13:47 of 1st period - Ilya Mikheyev is hit by Arber Xhekaj and loses puck.
14:12 of 1st period - Snap shot by Joel Kiviranta.
14:12 of 1st period - Stopped by Jakub Dobes with a rebound.
14:28 of 1st period - Adam Henrique is hit by Jakob Chychrun and loses puck.
14:48 of 1st period - Minor Penalty to Mattias Samuelsson for Interference.
14:49 of 1st period - Elias Lindholm wins face-off versus Morgan Geekie in San Jose Sharks zone.
14:56 of 1st period - Snap shot by Elias Lindholm.
14:56 of 1st period - Stopped by Jakub Dobes with a rebound.
16:16 of 1st period - Connor Murphy is hit by Filip Chytil and loses puck.
16:48 of 1st period - Penalty to Mattias Samuelsson is over, Mattias Samuelsson is back on ice.
17:05 of 1st period - Snap shot by Andrew Copp.
17:05 of 1st period - Stopped by Alex Lyon with a rebound.
17:15 of 1st period - Joel Kiviranta is hit by Mattias Samuelsson and loses puck.
18:55 of 1st period - Marcus Pettersson is hit by Jordan Martinook.
19:07 of 1st period - Oliver Ekman-Larsson is hit by Jack Drury and loses puck.
19:18 of 1st period - Arber Xhekaj is hit by Luke Glendening and loses puck.
19:26 of 1st period - Off-side.
19:27 of 1st period - Andrew Copp wins face-off versus Filip Chytil in neutral zone.
Goals for this period are 0 for Dallas Stars vs 0 for San Jose Sharks.
Shots for this period are 10 for Dallas Stars vs 4 for San Jose Sharks.

2nd period


0:01 of 2nd period - Elias Lindholm wins face-off versus Adam Henrique in neutral zone.
0:13 of 2nd period - Off-side.
0:14 of 2nd period - Morgan Frost wins face-off versus Filip Chytil in neutral zone.
0:16 of 2nd period - Minor Penalty to Connor Murphy for Tripping.
0:17 of 2nd period - Filip Chytil wins face-off versus Alexander Wennberg in San Jose Sharks zone.
0:17 of 2nd period - Slapshot by Luke Kunin.
0:17 of 2nd period - Deflect By Jordan Martinook.
0:17 of 2nd period - Stopped by Jakub Dobes without a rebound.
0:18 of 2nd period - Alexander Wennberg wins face-off versus Filip Chytil in San Jose Sharks zone.
0:27 of 2nd period - Adam Henrique is hit by Jordan Martinook and loses puck.
0:34 of 2nd period - Snap shot by Filip Chytil.
0:34 of 2nd period - Shot Blocked by Marcus Pettersson.
1:55 of 2nd period - Jakob Chychrun is hit by Adam Henrique.
2:16 of 2nd period - Penalty to Connor Murphy is over, Connor Murphy is back on ice.
2:32 of 2nd period - Marcus Pettersson is hit by Jordan Greenway and loses puck.
2:47 of 2nd period - Wrist shot by Jack Drury.
2:47 of 2nd period - Stopped by Jakub Dobes with a rebound.
2:49 of 2nd period - Wrist shot by Joel Kiviranta.
2:49 of 2nd period - Stopped by Jakub Dobes with a rebound.
2:51 of 2nd period - Slapshot by Joel Kiviranta.
2:51 of 2nd period - Stopped by Jakub Dobes without a rebound.
2:52 of 2nd period - Andrew Copp wins face-off versus Trent Frederic in San Jose Sharks zone.
2:52 of 2nd period - Andrew Copp is hit by Jordan Greenway.
3:42 of 2nd period - Travis Boyd is hit by Josh Anderson.
3:43 of 2nd period - Travis Boyd from San Jose Sharks is injured at 3:43 of 2nd period (Upper Body).
3:44 of 2nd period - Morgan Frost wins face-off versus Filip Chytil in San Jose Sharks zone.
4:14 of 2nd period - Backhand shot by Max Domi.
4:14 of 2nd period - Stopped by Alex Lyon without a rebound.
4:15 of 2nd period - Adam Henrique wins face-off versus Elias Lindholm in Dallas Stars zone.
4:20 of 2nd period - Snap shot by Adam Henrique.
4:20 of 2nd period - Shot Misses the Net.
4:22 of 2nd period - Wrist shot by Max Domi.
4:22 of 2nd period - Shot Blocked by Brendan Gallagher.
4:24 of 2nd period - Snap shot by Max Domi.
4:24 of 2nd period - Shot Misses the Net.
4:26 of 2nd period - Snap shot by Adam Henrique.
4:26 of 2nd period - Stopped by Alex Lyon with a rebound.
4:28 of 2nd period - Snap shot by Max Domi.
4:28 of 2nd period - Stopped by Alex Lyon without a rebound.
4:29 of 2nd period - Morgan Frost wins face-off versus Filip Chytil in Dallas Stars zone.
4:36 of 2nd period - Slapshot by Morgan Frost.
4:36 of 2nd period - Shot Blocked by Trevor van Riemsdyk.
4:55 of 2nd period - Brendan Gallagher is hit by Morgan Geekie and loses puck.
5:04 of 2nd period - Snap shot by Morgan Geekie.
5:04 of 2nd period - Shot Misses the Net.
5:57 of 2nd period - Off-side.
5:58 of 2nd period - Morgan Frost wins face-off versus Filip Chytil in neutral zone.
6:30 of 2nd period - Slapshot by Luke Kunin.
6:30 of 2nd period - Stopped by Jakub Dobes with a rebound.
6:32 of 2nd period - Wrist shot by Luke Kunin.
6:32 of 2nd period - Shot Misses the Net.
6:34 of 2nd period - Wrist shot by Cam York.
6:34 of 2nd period - Stopped by Jakub Dobes without a rebound.
6:35 of 2nd period - Adam Henrique wins face-off versus Elias Lindholm in San Jose Sharks zone.
7:21 of 2nd period - Icing by Andre Burakovsky.
7:22 of 2nd period - Luke Glendening wins face-off versus Jack Drury in San Jose Sharks zone.
7:22 of 2nd period - Luke Glendening is hit by Philip Tomasino.
7:32 of 2nd period - Marcus Pettersson is hit by Joel Kiviranta.
7:54 of 2nd period - Snap shot by Andrew Copp.
7:54 of 2nd period - Shot Misses the Net.
8:28 of 2nd period - Marcus Pettersson is hit by Trent Frederic and loses puck.
8:51 of 2nd period - Wrist shot by Anthony Beauvillier.
8:51 of 2nd period - Deflect By Luke Glendening.
8:51 of 2nd period - Stopped by Alex Lyon with a rebound.
8:53 of 2nd period - Wrist shot by Luke Glendening.
8:53 of 2nd period - Stopped by Alex Lyon with a rebound.
9:06 of 2nd period - Snap shot by Anthony Beauvillier.
9:06 of 2nd period - Shot Blocked by Dougie Hamilton.
9:22 of 2nd period - Wrist shot by Anthony Beauvillier.
9:22 of 2nd period - Deflect By Andre Burakovsky.
9:22 of 2nd period - Stopped by Alex Lyon with a rebound.
9:24 of 2nd period - Wrist shot by Connor Murphy.
9:24 of 2nd period - Shot Misses the Net.
9:26 of 2nd period - Backhand shot by Anthony Beauvillier.
9:26 of 2nd period - Shot Misses the Net.
9:28 of 2nd period - Slapshot by Jake Middleton.
9:28 of 2nd period - Stopped by Alex Lyon with a rebound.
9:30 of 2nd period - Slapshot by Jake Middleton.
9:30 of 2nd period - Deflect By Philip Tomasino.
9:30 of 2nd period - Stopped by Alex Lyon with a rebound.
9:44 of 2nd period - Snap shot by Anthony Beauvillier.
9:44 of 2nd period - Stopped by Alex Lyon with a rebound.
9:50 of 2nd period - Wrist shot by Jack Drury.
9:50 of 2nd period - Stopped by Jakub Dobes without a rebound.
9:51 of 2nd period - Elias Lindholm wins face-off versus Morgan Frost in San Jose Sharks zone.
9:52 of 2nd period - Wrist shot by Brendan Gallagher.
9:52 of 2nd period - Shot Misses the Net.
9:54 of 2nd period - Snap shot by Josh Anderson.
9:54 of 2nd period - Deflect By Elias Lindholm.
9:54 of 2nd period - Shot Blocked by Connor Murphy.
9:54 of 2nd period - Puck is out of play.
9:55 of 2nd period - Elias Lindholm wins face-off versus Morgan Frost in San Jose Sharks zone.
10:21 of 2nd period - Off-side.
10:22 of 2nd period - Adam Henrique wins face-off versus Jordan Martinook in neutral zone.
10:33 of 2nd period - Snap shot by Morgan Geekie.
10:33 of 2nd period - Shot Misses the Net.
10:43 of 2nd period - Slapshot by Max Domi.
10:43 of 2nd period - Stopped by Alex Lyon without a rebound.
10:44 of 2nd period - Morgan Frost wins face-off versus Elias Lindholm in Dallas Stars zone.
10:47 of 2nd period - Slapshot by Alexander Wennberg.
10:47 of 2nd period - Stopped by Alex Lyon with a rebound.
11:09 of 2nd period - Josh Anderson is hit by Max Domi and loses puck.
11:26 of 2nd period - Snap shot by Brendan Gallagher.
11:26 of 2nd period - Goal by Brendan Gallagher - Dallas Stars : 1 - San Jose Sharks : 0.
11:27 of 2nd period - Filip Chytil wins face-off versus Andrew Copp in neutral zone.
11:38 of 2nd period - Wrist shot by Max Domi.
11:38 of 2nd period - Goal by Max Domi - Dallas Stars : 1 - San Jose Sharks : 1.
11:39 of 2nd period - Morgan Frost wins face-off versus Filip Chytil in neutral zone.
11:44 of 2nd period - Snap shot by Alexander Wennberg.
11:44 of 2nd period - Stopped by Alex Lyon with a rebound.
11:52 of 2nd period - Slapshot by Dougie Hamilton.
11:52 of 2nd period - Shot Misses the Net.
11:54 of 2nd period - Slapshot by Trevor van Riemsdyk.
11:54 of 2nd period - Shot Misses the Net.
12:04 of 2nd period - Slapshot by Elias Lindholm.
12:04 of 2nd period - Stopped by Jakub Dobes with a rebound.
12:34 of 2nd period - Jake Middleton is hit by Jakob Chychrun and loses puck.
12:51 of 2nd period - Snap shot by Joel Kiviranta.
12:51 of 2nd period - Shot Blocked by Luke Glendening.
12:53 of 2nd period - Snap shot by Cam York.
12:53 of 2nd period - Stopped by Jakub Dobes without a rebound.
12:54 of 2nd period - Filip Chytil wins face-off versus Luke Glendening in San Jose Sharks zone.
13:29 of 2nd period - Snap shot by Josh Anderson.
13:29 of 2nd period - Stopped by Jakub Dobes with a rebound.
13:31 of 2nd period - Snap shot by Brendan Gallagher.
13:31 of 2nd period - Stopped by Jakub Dobes with a rebound.
13:33 of 2nd period - Slapshot by Dougie Hamilton.
13:33 of 2nd period - Stopped by Jakub Dobes without a rebound.
13:34 of 2nd period - Owen Tippett wins face-off versus Trent Frederic in San Jose Sharks zone.
14:00 of 2nd period - Trent Frederic is hit by Connor Murphy and loses puck.
14:05 of 2nd period - Slapshot by Max Domi.
14:05 of 2nd period - Stopped by Alex Lyon with a rebound.
14:37 of 2nd period - Slapshot by Andrew Copp.
14:37 of 2nd period - Stopped by Alex Lyon with a rebound.
14:56 of 2nd period - Slapshot by Max Domi.
14:56 of 2nd period - Shot Misses the Net.
15:06 of 2nd period - Snap shot by Alex Iafallo.
15:06 of 2nd period - Stopped by Jakub Dobes with a rebound.
15:08 of 2nd period - Slapshot by Arber Xhekaj.
15:08 of 2nd period - Shot Blocked by Andrew Copp.
15:10 of 2nd period - Slapshot by Jordan Greenway.
15:10 of 2nd period - Shot Misses the Net.
15:20 of 2nd period - Wrist shot by Alex Iafallo.
15:20 of 2nd period - Stopped by Jakub Dobes with a rebound.
15:22 of 2nd period - Slapshot by Cam York.
15:22 of 2nd period - Shot Hit the Post.
15:46 of 2nd period - Snap shot by Jordan Greenway.
15:46 of 2nd period - Deflect By Alex Iafallo.
15:46 of 2nd period - Stopped by Jakub Dobes with a rebound.
16:12 of 2nd period - Wrist shot by Trent Frederic.
16:12 of 2nd period - Stopped by Jakub Dobes without a rebound.
16:13 of 2nd period - Morgan Frost wins face-off versus Filip Chytil in San Jose Sharks zone.
16:13 of 2nd period - Morgan Frost is hit by Luke Kunin.
16:25 of 2nd period - Wrist shot by Owen Tippett.
16:25 of 2nd period - Stopped by Alex Lyon without a rebound.
16:26 of 2nd period - Filip Chytil wins face-off versus Adam Henrique in Dallas Stars zone.
16:31 of 2nd period - Wrist shot by Morgan Geekie.
16:31 of 2nd period - Stopped by Alex Lyon without a rebound.
16:32 of 2nd period - Filip Chytil wins face-off versus Adam Henrique in Dallas Stars zone.
17:29 of 2nd period - Slapshot by Mattias Samuelsson.
17:29 of 2nd period - Deflect By Morgan Geekie.
17:29 of 2nd period - Stopped by Alex Lyon with a rebound.
17:36 of 2nd period - Icing by Trevor van Riemsdyk.
17:37 of 2nd period - Luke Glendening wins face-off versus Jack Drury in Dallas Stars zone.
17:56 of 2nd period - Slapshot by Trevor van Riemsdyk.
17:56 of 2nd period - Stopped by Jakub Dobes without a rebound.
17:57 of 2nd period - Alexander Wennberg wins face-off versus Elias Lindholm in San Jose Sharks zone.
18:22 of 2nd period - Jordan Martinook is hit by Luke Glendening and loses puck.
19:39 of 2nd period - Brendan Gallagher is hit by Luke Glendening and loses puck.
Goals for this period are 1 for Dallas Stars vs 1 for San Jose Sharks.
Shots for this period are 18 for Dallas Stars vs 18 for San Jose Sharks.

3rd period


0:01 of 3rd period - Josh Anderson wins face-off versus Morgan Frost in neutral zone.
0:04 of 3rd period - Owen Tippett is hit by Brendan Gallagher and loses puck.
0:25 of 3rd period - Connor Murphy is hit by Dougie Hamilton and loses puck.
0:48 of 3rd period - Wrist shot by Alex Iafallo.
0:48 of 3rd period - Shot Misses the Net.
0:50 of 3rd period - Slapshot by Alex Iafallo.
0:50 of 3rd period - Stopped by Jakub Dobes without a rebound.
0:51 of 3rd period - Morgan Frost wins face-off versus Brendan Gallagher in San Jose Sharks zone.
1:16 of 3rd period - Adam Henrique is hit by Jakob Chychrun and loses puck.
1:25 of 3rd period - Slapshot by Mattias Samuelsson.
1:25 of 3rd period - Shot Misses the Net.
1:39 of 3rd period - Luke Glendening is hit by Jakob Chychrun and loses puck.
1:58 of 3rd period - Wrist shot by Alexander Wennberg.
1:58 of 3rd period - Shot Misses the Net.
2:00 of 3rd period - Slapshot by Marcus Pettersson.
2:00 of 3rd period - Deflect By Morgan Frost.
2:00 of 3rd period - Stopped by Alex Lyon with a rebound.
2:18 of 3rd period - Snap shot by Max Domi.
2:18 of 3rd period - Stopped by Alex Lyon without a rebound.
2:19 of 3rd period - Elias Lindholm wins face-off versus Adam Henrique in Dallas Stars zone.
2:51 of 3rd period - Owen Tippett is hit by Jordan Martinook.
3:03 of 3rd period - Wrist shot by Trent Frederic.
3:03 of 3rd period - Stopped by Jakub Dobes without a rebound.
3:04 of 3rd period - Luke Glendening wins face-off versus Trent Frederic in San Jose Sharks zone.
3:15 of 3rd period - Slapshot by Anthony Beauvillier.
3:15 of 3rd period - Deflect By Andre Burakovsky.
3:15 of 3rd period - Stopped by Alex Lyon without a rebound.
3:16 of 3rd period - Morgan Frost wins face-off versus Filip Chytil in Dallas Stars zone.
3:17 of 3rd period - Wrist shot by Alexander Wennberg.
3:17 of 3rd period - Shot Misses the Net.
3:31 of 3rd period - Wrist shot by Alexander Wennberg.
3:31 of 3rd period - Stopped by Alex Lyon with a rebound.
4:14 of 3rd period - Snap shot by Philip Tomasino.
4:14 of 3rd period - Stopped by Jakub Dobes with a rebound.
4:30 of 3rd period - Slapshot by Trent Frederic.
4:30 of 3rd period - Shot Misses the Net.
4:32 of 3rd period - Slapshot by Jakob Chychrun.
4:32 of 3rd period - Deflect By Connor Murphy.
4:32 of 3rd period - Stopped by Jakub Dobes with a rebound.
4:34 of 3rd period - Slapshot by Alex Iafallo.
4:34 of 3rd period - Stopped by Jakub Dobes with a rebound.
4:44 of 3rd period - Wrist shot by Adam Henrique.
4:44 of 3rd period - Stopped by Alex Lyon with a rebound.
4:46 of 3rd period - Wrist shot by Morgan Geekie.
4:46 of 3rd period - Shot Misses the Net.
4:55 of 3rd period - Minor Penalty to Arber Xhekaj for Holding.
4:56 of 3rd period - Elias Lindholm wins face-off versus Owen Tippett in Dallas Stars zone.
4:56 of 3rd period - Elias Lindholm is hit by Owen Tippett.
5:25 of 3rd period - Slapshot by Dougie Hamilton.
5:25 of 3rd period - Shot Blocked by Marcus Pettersson.
6:55 of 3rd period - Penalty to Arber Xhekaj is over, Arber Xhekaj is back on ice.
7:28 of 3rd period - Andrew Copp is hit by Jack Drury and loses puck.
8:15 of 3rd period - Icing by Jake Middleton.
8:16 of 3rd period - Morgan Frost wins face-off versus Alex Iafallo in San Jose Sharks zone.
8:16 of 3rd period - Morgan Frost is hit by Jakob Chychrun.
8:38 of 3rd period - Wrist shot by Filip Chytil.
8:38 of 3rd period - Stopped by Jakub Dobes without a rebound.
8:39 of 3rd period - Adam Henrique wins face-off versus Filip Chytil in San Jose Sharks zone.
8:54 of 3rd period - Slapshot by Cam York.
8:54 of 3rd period - Shot Blocked by Morgan Frost.
9:11 of 3rd period - Off-side.
9:12 of 3rd period - Andrew Copp wins face-off versus Elias Lindholm in neutral zone.
9:21 of 3rd period - Wrist shot by Max Domi.
9:21 of 3rd period - Shot Blocked by Elias Lindholm.
9:33 of 3rd period - Minor Penalty to Marcus Pettersson for High sticking.
9:34 of 3rd period - Alexander Wennberg wins face-off versus Elias Lindholm in San Jose Sharks zone.
9:34 of 3rd period - Alexander Wennberg is hit by Trevor van Riemsdyk.
11:33 of 3rd period - Penalty to Marcus Pettersson is over, Marcus Pettersson is back on ice.
11:42 of 3rd period - Snap shot by Owen Tippett.
11:42 of 3rd period - Shot Misses the Net.
11:50 of 3rd period - Snap shot by Alex Iafallo.
11:50 of 3rd period - Stopped by Jakub Dobes with a rebound.
12:26 of 3rd period - Icing by Joel Kiviranta.
12:27 of 3rd period - Jack Drury wins face-off versus Luke Glendening in Dallas Stars zone.
12:42 of 3rd period - Cam York is hit by Connor Murphy and loses puck.
13:09 of 3rd period - Wrist shot by Jack Drury.
13:09 of 3rd period - Stopped by Jakub Dobes without a rebound.
13:10 of 3rd period - Adam Henrique wins face-off versus Elias Lindholm in San Jose Sharks zone.
13:23 of 3rd period - Snap shot by Elias Lindholm.
13:23 of 3rd period - Shot Blocked by Jake Middleton.
13:25 of 3rd period - Wrist shot by Brendan Gallagher.
13:25 of 3rd period - Shot Misses the Net.
13:35 of 3rd period - Filip Chytil is hit by Ilya Mikheyev.
13:39 of 3rd period - Jake Middleton is hit by Jordan Martinook and loses puck.
14:27 of 3rd period - Brendan Gallagher is hit by Marcus Pettersson.
14:49 of 3rd period - Arber Xhekaj is hit by Connor Murphy and loses puck.
15:45 of 3rd period - Off-side.
15:46 of 3rd period - Andrew Copp wins face-off versus Trent Frederic in neutral zone.
16:34 of 3rd period - Slapshot by Morgan Frost.
16:34 of 3rd period - Stopped by Alex Lyon with a rebound.
17:10 of 3rd period - Luke Kunin is hit by Max Domi and loses puck.
17:49 of 3rd period - Jordan Martinook is hit by Morgan Geekie and loses puck.
18:21 of 3rd period - Slapshot by Cam York.
18:21 of 3rd period - Deflect By Brendan Gallagher.
18:21 of 3rd period - Stopped by Jakub Dobes without a rebound.
18:22 of 3rd period - Adam Henrique wins face-off versus Elias Lindholm in San Jose Sharks zone.
18:22 of 3rd period - Adam Henrique is hit by Josh Anderson.
18:48 of 3rd period - Alexander Wennberg is hit by Trent Frederic and loses puck.
Goals for this period are 0 for Dallas Stars vs 0 for San Jose Sharks.
Shots for this period are 9 for Dallas Stars vs 6 for San Jose Sharks.

Overtime #1


0:01 of 1st overtime period - Morgan Geekie wins face-off versus Elias Lindholm in neutral zone.
0:04 of 1st overtime period - Slapshot by Mattias Samuelsson.
0:04 of 1st overtime period - Shot Blocked by Trevor van Riemsdyk.
0:08 of 1st overtime period - Snap shot by Morgan Geekie.
0:08 of 1st overtime period - Stopped by Alex Lyon with a rebound.
0:10 of 1st overtime period - Slapshot by Mattias Samuelsson.
0:10 of 1st overtime period - Shot Misses the Net.
0:12 of 1st overtime period - Slapshot by Mattias Samuelsson.
0:12 of 1st overtime period - Stopped by Alex Lyon without a rebound.
0:13 of 1st overtime period - Brendan Gallagher wins face-off versus Alexander Wennberg in Dallas Stars zone.
0:38 of 1st overtime period - Josh Anderson is hit by Marcus Pettersson.
2:07 of 1st overtime period - Jordan Martinook is hit by Oliver Ekman-Larsson and loses puck.
2:36 of 1st overtime period - Slapshot by Jakob Chychrun.
2:36 of 1st overtime period - Shot Blocked by Max Domi.
2:38 of 1st overtime period - Slapshot by Jonas Siegenthaler.
2:38 of 1st overtime period - Stopped by Jakub Dobes with a rebound.
4:39 of 1st overtime period - Owen Tippett is hit by Joel Kiviranta and loses puck.
4:55 of 1st overtime period - Icing by Brendan Gallagher.
4:56 of 1st overtime period - Max Domi wins face-off versus Elias Lindholm in Dallas Stars zone.
4:57 of 1st overtime period - Wrist shot by Morgan Frost.
4:57 of 1st overtime period - Shot Misses the Net.
Goals for this period are 0 for Dallas Stars vs 0 for San Jose Sharks.
Shots for this period are 1 for Dallas Stars vs 2 for San Jose Sharks.

ShootOut


5:00 of 1st overtime period - Round #1.
5:00 of 1st overtime period - Dallas Stars, Elias Lindholm.
5:00 of 1st overtime period - Backhand shot by Elias Lindholm.
5:00 of 1st overtime period - Stopped by Jakub Dobes.
5:00 of 1st overtime period - San Jose Sharks, Morgan Geekie.
5:00 of 1st overtime period - Backhand shot by Morgan Geekie.
5:00 of 1st overtime period - Shot Misses the Net.
5:00 of 1st overtime period - Round #2.
5:00 of 1st overtime period - Dallas Stars, Josh Anderson.
5:00 of 1st overtime period - Deke by Josh Anderson.
5:00 of 1st overtime period - Stopped by Jakub Dobes.
5:00 of 1st overtime period - San Jose Sharks, Morgan Frost.
5:00 of 1st overtime period - Snap shot by Morgan Frost.
5:00 of 1st overtime period - Goal by Morgan Frost.
5:00 of 1st overtime period - Round #3.
5:00 of 1st overtime period - Dallas Stars, Brendan Gallagher.
5:00 of 1st overtime period - Backhand shot by Brendan Gallagher.
5:00 of 1st overtime period - Shot Misses the Net.